Get step-by-step instructions on how to execute this build order below. Start the game timer, and the build order will tick by so you can play in parallel with StarCraft on a second screen or mobile device.

Game Time

  0:00

Last Step

  N/A

Next Step

Upcoming Step



Don't want to look back and forth between 2 screens? Try out our Overwolf App, the Spawning Tool Build Advisor to get an in-game overlay with this build!

Complete Build Order

  12  0:00  Probe  
  13  0:12  Probe  
  14  0:18  Pylon  
  14  0:24  Probe  
  15  0:36  Probe  
  15  0:38  Gateway  
  16  0:44  Assimilator  
  16  0:50  Probe  
  17  1:01  Gateway  
  17  1:11  Probe  
  17  1:15  Assimilator  
  18  1:23  Probe  
  19  1:27  Cybernetics Core  
  19  1:38  Pylon  
  19  1:39  Probe  
  20  2:00  Probe  
  21  2:04  Adept x2  
  25  2:13  Gateway  
  25  2:36  Adept  
  25  2:37  Adept  
  28  2:39  Warp Gate  
  28  3:02  Nexus  
  28  3:10  Adept  
  30  3:20  Pylon  
  30  3:37  Probe  
  30  3:38  Adept x2  
  35  3:43  Adept  
  37  3:52  Pylon  
  37  4:02  Twilight Council  
  37  4:06  Probe  
  38  4:14  Probe  
  39  4:36  Adept x3  
  39  4:38  Resonating Glaives (Chrono Boost)  
  45  4:48  Probe x2  
  47  4:53  Assimilator  
  47  5:00  Probe  
  48  5:24  Stalker  
  48  5:25  Stalker x2  
  54  5:38  Probe  
  54  5:39  Gateway x2, Probe  
  54  5:41  Forge  
  54  5:42  Forge  
  56  5:48  Adept  
  58  5:50  Probe  
  58  5:51  Adept  
  61  6:06  Protoss Ground Armor Level 1, Protoss Ground Weapons Level 1  
  61  6:21  Pylon  
  61  6:25  Probe  
  62  6:27  Blink (Chrono Boost)  
  62  6:32  Pylon  
  62  6:36  Pylon  
  62  6:39  Probe x2  
  64  6:40  Pylon  
  64  6:44  Stalker x3  
  70  7:08  Adept x5  
  78  7:12  Probe x2  
  82  7:19  Assimilator  
  82  7:24  Probe x2  
  84  7:36  Probe x2  
  86  7:45  Stalker x2  
  86  7:46  Stalker x2  
  86  7:48  Nexus  
  93  8:05  Protoss Ground Weapons Level 2 (Chrono Boost), Protoss Ground Armor Level 2 (Chrono Boost)  
  93  8:12  Pylon  
  93  8:14  Pylon  
  93  8:16  Pylon  
  93  8:18  Pylon  
  82  8:41  Probe x2  
  80  8:44  Charge  
  78  8:53  Probe x2  
  70  8:57  Adept  
  70  8:58  Adept x4  
  80  9:05  Probe x2  
  80  9:08  Gateway  
  82  9:10  Gateway  
  82  9:12  Gateway  
  82  9:13  Gateway  
  82  9:15  Gateway  
  82  9:17  Probe  
  82  9:22  Zealot x5  
  65  9:42  Stalker  
  65  9:43  Stalker x2  
  68  10:06  Stalker x2  
  72  10:07  Stalker  
  68  10:44  Adept  
  68  10:51  Nexus